 Dungeon Crawl Stone Soup version 0.31-a0-702-gf82c85558f (webtiles) character file.

Game seed: 5936096885446344197

3 BlueFish the Ruffian (level 1, 0/13 HPs)
             Began as an Octopode Shapeshifter on Sept 8, 2023.
             Killed from afar by a dart slug (5 damage)
             ... with a slug dart
             ... on level 1 of the Dungeon.
             The game lasted 00:00:20 (149 turns).

BlueFish the Ruffian (Octopode Shapeshifter)         Turns: 149, Time: 00:00:21

Health: 0/13       AC:  1    Str: 13    XL:     1   Next: 50%
Magic:  1/1        EV: 13    Int: 12    God:
Gold:   28         SH:  0    Dex: 11    Spells: 0/0 levels left

rFire   . .          .
                       - Unarmed
rCold   . . .        (no shield)
rNeg    . . .        (helmet currently unavailable)
rPois   .            (no amulet)
rElec   .            (no ring)
rCorr   .            (no ring)
SInv    .            (no ring)
Will    .....        (no ring)
Stlth   ++           (no ring)
HPRegen 0.22/turn    (no ring)
MPRegen 0.07/turn    (no ring)
                     (no ring)

%: no passive effects
@: beast-form
A: beast (slay +1), almost no armour, amphibious, 8 rings, camouflage 1,
gelatinous body 1, (nimble swimmer 1), tentacles
a: Begin Untransformation


You were on level 1 of the Dungeon.
You were a hulking beast.
You visited 1 branch of the dungeon, and saw 1 of its levels.

You collected 28 gold pieces.

Inventory:

Missiles
 d - 2 throwing nets
Talismans
 b - a beast talisman (active)
 c - a flux talisman
Scrolls
 f - a scroll of identify {unknown}
Potions
 a - a potion of lignification
 e - a potion of heal wounds {unknown}


   Skills:
 + Level 1.1 Fighting
 + Level 0.0 Throwing
 + Level 2.0 Dodging
 * Level 0.3 Stealth
 + Level 3.0 Unarmed Combat
 + Level 0.0 Spellcasting
 + Level 3.0 Shapeshifting


You couldn't memorise any spells.
You didn't know any spells.
Your spell library contained the following spells:

 Spells                   Type           Power      Damage    Failure   Level
 Lesser Beckoning         Tloc           0%         N/A       45%         2
 Gell's Gravitas          Tloc           0%         N/A       69%         3
 Teleport Other           Tloc           0%         N/A       69%         3


Dungeon Overview and Level Annotations

Branches:
Dungeon (1/15)

Altars:


Innate Abilities, Weirdness & Mutations

You are a hulking beast.
Your limbs bulge with bestial killing power. (Slay +1)
You cannot wear most types of armour.
You are amphibious.
You can wear up to eight rings at the same time.
Your skin changes colour to match your surroundings (Stealth+).
Your rubbery body absorbs attacks. (AC +1, EV +1)
((You are camouflaged when in or above water. (Stealth+)))
You have tentacles for arms and can constrict up to eight enemies at once.


Message History

You now have 28 gold pieces (gained 10).
A kobold and a quokka come into view.
A dart slug comes into view.
A frilled lizard comes into view.
A bat comes into view.
You miss the quokka. Your grab misses the quokka.
The dart slug launches a dart at you. The slug dart hits you.
The quokka bites you.
You are too injured to fight recklessly!
You are too injured to fight recklessly!
You are too injured to fight recklessly!
You are too injured to fight recklessly!
You are too injured to fight recklessly!
You are too injured to fight recklessly!
You are too injured to fight recklessly!
You are too injured to fight recklessly!
You are too injured to fight recklessly!
You are too injured to fight recklessly!
You are too injured to fight recklessly!
You are too injured to fight recklessly!
You are too injured to fight recklessly!
You are too injured to fight recklessly!
You are too injured to fight recklessly!
You are too injured to fight recklessly!
You are too injured to fight recklessly!
You are too injured to fight recklessly!
You barely miss the quokka. Your grab misses the quokka.
The quokka closely misses you.
You closely miss the quokka. You grab the quokka.
Your squeeze misses the quokka. You constrict the quokka.
The quokka misses you.
You tentacle-slap the quokka.
You kill the quokka!
The dart slug launches a dart at you. The slug dart misses you.
The dart slug launches a dart at you. The slug dart hits you.
The dart slug launches a dart at you. The slug dart hits you.
You die...

####.#....#.....###.....
#.##....#.....#......
#....##..............
##...#####.#.........
##.....#.............
#........#....####...
#.##...###...........
##.##...#............#
#....h.....!. .......#
#.........##. .......
###....!....# ##.....
##.........### #....#
#.$........K#
####†.......#
#....w..... ............
.............


You could see a dart slug and a kobold.

Vanquished Creatures
  A ball python (D:1)
  A quokka (D:1)
  A rat (D:1)
3 creatures vanquished.

Notes
Turn   | Place    | Note
-------+----------+-------------------------------------------
     0 | D:1      | BlueFish the Octopode Shapeshifter began the quest for the
                  | Orb.
     0 | D:1      | Reached XP level 1. HP: 13/13 MP: 1/1
   149 | D:1      | Killed from afar by a dart slug

Illustrated notes

Levels and vault maps discovered:
D:1:      onia_arrival_pyramid, layout_rooms

Action                     || total
---------------------------++-------
  Melee: Unarmed           ||     7
         Constrict         ||     2
 Armour: Skin              ||     5
  Dodge: Dodged            ||     4

Table legend: (Time is in decaauts)
 A = Elapsed time spent in this place.
 B = Non-inter-level travel time spent in this place.
 C = Inter-level travel time spent in this place.
 D = Time resting spent in this place.
 E = Time spent auto-exploring this place.
 F = Levels seen in this place.
 G = Mean time per level.
                   A        B        C        D        E       F      G
               +--------+--------+--------+--------+--------+-----+--------+
         Total |    148 |    148 |      0 |      0 |    121 |   1 |  148.0 |
       Dungeon |    148 |    148 |      0 |      0 |    121 |   1 |  148.0 |
               +--------+--------+--------+--------+--------+-----+--------+

Top non-repeatable levels by time:
     D:1: 148 daAuts
